 Dungeon Crawl Stone Soup version 0.22.0-78-g6c94d2c (webtiles) character file.

91 MalarOregon the Insei (level 4, -1/22 HPs)
             Began as a Vine Stalker Transmuter on Sept 16, 2018.
             Slain by an orc (4 damage)
             ... on level 3 of the Dungeon.
             The game lasted 00:02:45 (1919 turns).

MalarOregon the Insei (Vine Stalker Transmuter)     Turns: 1919, Time: 00:02:46

Health: -1/22      AC:  5    Str: 12    XL:     4   Next: 57%
Magic:  0/9        EV: 12    Int: 14    God:
Gold:   75         SH:  0    Dex: 15    Spells: 7/8 levels left

rFire    . . .     SeeInvis .     - Unarmed
rCold    . . .     Gourm    .   (no shield)
rNeg     . . .     Faith    .   k - +0 robe (curse)
rPois    .         Spirit   +   e - +2 helmet
rElec    .         Reflect  .   (no cloak)
rCorr    .         Harm     .   (no gloves)
MR       .....                  (boots currently unavailable)
Stlth    ++........             (no amulet)
HPRegen  0.47/turn              (no ring)
MPRegen  0.11/turn              (no ring)

@: appendage (expiring)
A: fangs 2, talons 3, regeneration 1, magic shield, antimagic bite, no potion
heal 3, rot immunity
a: End Transformation


You were on level 3 of the Dungeon.
You were not hungry.
You had grown temporary talons.
You visited 1 branch of the dungeon, and saw 3 of its levels.

You collected 75 gold pieces.

Inventory:

Missiles
 a - 32 arrows
Armour
 e - a +2 helmet (worn)
 k - a cursed +0 robe (worn)
Jewellery
 j - an uncursed ring of stealth {unknown}
Scrolls
 c - a scroll of blinking {unknown}
 f - a scroll of identify {unknown}
 g - a scroll of immolation {unknown}
 i - a scroll of fear {unknown}
 l - a scroll of noise {unknown}
 m - a scroll of remove curse {unknown}
Potions
 h - a potion of haste {unknown}
 n - a potion of flight {unknown}
Comestibles
 b - a chunk of flesh
 d - 4 rations


   Skills:
 + Level 1.5 Fighting
 + Level 2.0 Dodging
 + Level 1.7 Stealth
 * Level 3.7 Unarmed Combat
 + Level 2.7 Spellcasting
 + Level 2.5 Transmutations


You had 7 spell levels left.
You knew the following spells:

 Your Spells              Type           Power        Failure   Level  Hunger
a - Beastly Appendage     Tmut           #.....       8%          1    #......

Your spell library contained the following spells:

 Spells                   Type           Power        Failure   Level  Hunger
 Sticks to Snakes         Tmut           #.......     12%         2    ###....
 Spider Form              Tmut/Pois      #.........   36%         3    ###....
 Ice Form                 Ice/Tmut       #.......     78%         4    #####..
 Blade Hands              Tmut           #.........   91%         5    ######.


Dungeon Overview and Level Annotations

Branches:
Dungeon (3/15)

Altars:
Wu Jian


Innate Abilities, Weirdness & Mutations

You have extremely sharp teeth.
Your natural rate of healing is unusually fast.
When hurt, damage is shared between your health and your magic reserves.
Your bite disrupts and absorbs the magic of your enemies.
Potions cannot restore your health.
You are immune to rotting.
You have claws for feet.


Message History

You claw the orc priest, but do no damage.
The orc priest is almost dead.
Your transformation is almost over.
The orc wizard misses you. The orc priest hits you with a mace.
* * * LOW HITPOINT WARNING * * *
The orc closely misses you.
You hit the orc priest but do no damage.
The orc priest is almost dead.
The orc wizard hits you but does no damage.
The orc wizard barely misses you.
The orc priest hits you but does no damage.
The orc barely misses you.
You hit the orc priest but do no damage.
Your kick misses the orc priest. You bite the orc priest.
You kill the orc priest!
Your Dodging skill increases to level 2!
The orc wizard hits you with a dagger.
* * * LOW HITPOINT WARNING * * *
The orc hits you.
You die...

#
#.########
#........#
#o@o..#
#....)#####
....### ..#
.


You could see an orc wizard and an orc.

Vanquished Creatures
  An orc priest (D:3)
  An adder (D:2)
  2 dart slugs
  A leopard gecko (D:1)
  2 ball pythons
  6 bats
  2 giant cockroaches (D:1)
  11 hobgoblins
  3 quokkas (D:2)
  4 goblins
  8 kobolds
  5 rats
46 creatures vanquished.

Notes
Turn   | Place    | Note
-------+----------+-------------------------------------------
     0 | D:1      | MalarOregon the Vine Stalker Transmuter began the quest for
                  | the Orb.
     0 | D:1      | Reached XP level 1. HP: 9/9 MP: 4/4
    46 | D:1      | Reached skill level 1 in Fighting
    88 | D:1      | Reached XP level 2. HP: 14/14 MP: 6/6
   471 | D:1      | Reached XP level 3. HP: 13/18 MP: 5/7
   473 | D:1      | Reached skill level 1 in Stealth
   960 | D:1      | Found an ornate altar of the Wu Jian Council.
  1507 | D:2      | Gained mutation: Your natural rate of healing is unusually
                  | fast. [Vine Stalker growth]
  1507 | D:2      | Reached XP level 4. HP: 22/22 MP: 6/8
  1919 | D:3      | Slain by an orc

Skill      XL: |  1  2  3  4 |
---------------+-------------+-----
Fighting       | 1 |  1.5
Stealth        | 1 |  1.7
Dodging        | 2 |  2.0
Unarmed Combat | |  3.7
Spellcasting   | |  2.7
Transmutations | |  2.5

Action                   |  1- 3 |  4- 6 || total
-------------------------+-------+-------++-------
Melee: Unarmed           |    88 |    29 ||   117
       Kick              |    19 |     8 ||    27
       Bite              |    19 |    11 ||    30
 Cast: Beastly Appendage |    24 |     5 ||    29
 Stab: Sleeping          |     2 |       ||     2
  Eat: Chunk             |     2 |     2 ||     4
Armor: Robe              |    23 |    12 ||    35
Dodge: Dodged            |    39 |    31 ||    70
